 Dungeon Crawl Stone Soup version 0.27.1-1-g398f81649c (webtiles) character file.

Game seed: 10554554135253439463

17 DearestLeader the Chopper (level 2, -1/25 HPs)
             Began as a Minotaur Gladiator on Sept 15, 2021.
             Succumbed to a goblin's poison
             ... on level 1 of the Dungeon.
             The game lasted 00:00:38 (151 turns).

DearestLeader the Chopper (Minotaur Gladiator)       Turns: 151, Time: 00:00:38

Health: -1/25      AC:  3    Str: 18    XL:     2   Next: 44%
Magic:  1/1        EV: 12    Int:  5    God:
Gold:   16         SH:  0    Dex: 11    Spells: 1/1 levels left

rFire    . . .     SeeInvis .   a - +0 war axe
rCold    . . .     Faith    .   (no shield)
rNeg     . . .     Spirit   .   b - +0 leather armour
rPois    .         Reflect  .   c - +0 hat
rElec    .         Harm     .   (no cloak)
rCorr    .         Rampage  .   (no gloves)
Will     .....                  (no boots)
Stlth    +.........             (no amulet)
HPRegen  0.08/turn              (no ring)
MPRegen  0.07/turn              (no ring)

@: mighty, lethally poisoned (-1 -> -7)
A: horns 2, retaliatory headbutt
a: no special abilities


You were on level 1 of the Dungeon.
You visited 1 branch of the dungeon, and saw 1 of its levels.

You collected 16 gold pieces.

Inventory:

Hand Weapons
 a - a +0 war axe (weapon)
Missiles
 d - 3 throwing nets (quivered)
Armour
 b - a +0 leather armour (worn)
 c - a +0 hat (worn)
Scrolls
 e - a scroll of immolation {unknown}


   Skills:
 + Level 2.9 Fighting
 * Level 4.4 Axes
 - Level 2.0 Throwing
 - Level 3.2 Dodging


You had one spell level left.
You didn't know any spells.
Your spell library contained the following spells:

 Spells                   Type           Power      Damage    Failure   Level
 Passwall                 Tmut/Erth      0%         N/A       67%         2
 Swiftness                Air            0%         N/A       88%         3
 Invisibility             Hex            0%         N/A       100%        6


Dungeon Overview and Level Annotations

Branches:
Dungeon (1/15)

Altars:


Innate Abilities, Weirdness & Mutations

You have a pair of horns on your head.
You reflexively headbutt those who attack you in melee.


Message History

You slash the goblin!
You kill the goblin!
You closely miss the rat. You closely miss the goblin.
You feel very sick.
The goblin hits you with a +2 dagger of venom.
You are more poisoned.
The rat bites you but does no damage. The kobold hits you with a +0 dagger.
The goblin barely misses you. You furiously retaliate!
You headbutt the goblin!
You kill the goblin!
The rat barely misses you.
You hit the kobold.
The kobold is severely wounded.
You hit the rat.
You kill the rat!
You feel very sick. The kobold closely misses you.
The dart slug launches a dart at you. The slug dart hits you.
The kobold hits you with a +0 dagger.
* * * LOW HITPOINT WARNING * * *
You slash the kobold!
You kill the kobold!
* * * LOW HITPOINT WARNING * * *
You feel very sick. The dart slug launches a dart at you.
The slug dart misses you.
Unknown command.
* * * LOW HITPOINT WARNING * * *
You feel sick. The dart slug launches a dart at you. The slug dart hits you.
* * * LOW HITPOINT WARNING * * *
Things that are here:
a +2 dagger of venom; a goblin corpse; a rat corpse It was a potion of might.
You feel very mighty all of a sudden.
* * * LOW HITPOINT WARNING * * *
You feel sick.
You slash the dart slug!
You kill the dart slug!
You die...

#..##..........##..#.....
#..............#..###....
...####.##.####...# #....
# ##....# #..# #....
#...### #.. #.... ##...#
#.. #.... #...#### ...
##### #..$..)#.....
#...†@)......
#.....†.......
#.............
#.............
#.............
#.............
#.............
##............


There were no monsters in sight!

Vanquished Creatures
  3 dart slugs (D:1)
  A ball python (D:1)
  A giant cockroach (D:1)
  3 goblins (D:1)
  A kobold (D:1)
  A quokka (D:1)
  A frilled lizard (D:1)
  2 rats (D:1)
13 creatures vanquished.

Notes
Turn   | Place    | Note
-------+----------+-------------------------------------------
     0 | D:1      | DearestLeader the Minotaur Gladiator began the quest for
                  | the Orb.
     0 | D:1      | Reached XP level 1. HP: 18/18 MP: 0/0
    32 | D:1      | Reached skill level 4 in Axes
    73 | D:1      | Reached XP level 2. HP: 25/25 MP: 1/1
   150 | D:1      | HP: 1/25 [poisoned by a goblin]
   151 | D:1      | Succumbed to a goblin's poison

Illustrated notes

Levels and vault maps discovered:
D:1:      kennysheep_arrival_forest, layout_rooms

Skill      XL: |  1 |
---------------+----+-----
Axes           | 4 |  4.4
Fighting       | |  2.9
Throwing       | |  2.0
Dodging        | |  3.2

Action                   || total
-------------------------++-------
Melee: War axe           ||    16
       Headbutt          ||     3
  Use: Potion            ||     1
Armor: Leather armour    ||     5
Dodge: Dodged            ||    10
